Ducks vs Coyotes

Created - Sunday, December 28, 2014 at 23:22

Goals
1 2 3 T
Ducks 3 2 4 9
Coyotes 1 1 2 4
Shots
1 2 3 T
Ducks 8 6 8 22
Coyotes 15 6 13 34

1st period

1. Ducks , Anton Stralman 6 (Matthew Carle, Patrick Kane) at 3:28
2. Ducks , Tyler Bozak 20 (Patrick Kane) at 3:52
3. Ducks , James Neal 20 (Alex Grant, Scott Ford) at 5:16
4. Coyotes , Tom Gilbert 8 (Jaden Schwartz, Michael Kostka) at 7:15 (PP)

Penalties :
Sean Bergenheim (Ana) for Roughing (Minor) at 6:43

2nd period

5. Ducks , James Neal 21 (Brett Bellemore, Anton Stralman) at 19:14 (PP)
6. Coyotes , Tom Gilbert 9 (Jaden Schwartz) at 19:44 (PP)
7. Ducks , James Sheppard 1 (Tom Pyatt, Matthew Carle) at 19:54

Penalties :
Markus Granlund (Ari) for Cross-checking (Minor) at 5:28, Eric Nystrom (Ari) for Slashing (Minor) at 18:58, Patrick Kane (Ana) for Hooking (Minor) at 19:33

3rd period

8. Ducks , TJ Galiardi 4 (Dennis Wideman) at 3:03
9. Coyotes , Pierre-Marc Bouchard 11 (Joakim Andersson) at 3:09
10. Ducks , Matthew Carle 6 (Martin St. Louis, James Neal) at 10:10 (PP)
11. Ducks , Martin St. Louis 24 (James Neal) at 10:31
12. Ducks , Martin St. Louis 25 (James Neal) at 11:59
13. Coyotes , Eric Nystrom 5 (Pierre-Marc Bouchard, Markus Granlund) at 15:25 (PP)

Penalties :
David Jones (Ari) for Hooking (Minor) at 9:16, Tom Pyatt (Ana) for Hooking (Minor) at 12:33, Alex Grant (Ana) for Holding Stick (Minor) at 15:22

Goalie Stats

Martin Brodeur (Ana), 30 saves from 34 shots - (0.882), W, 11-9-2, 60:00 minutes
Mike McKenna (Ari), 9 saves from 13 shots - (0.692), 39:14 minutes
Magnus Hellberg (Ari), 4 saves from 9 shots - (0.444), L, 0-1-0, 20:46 minutes

Players Stats for Ducks

Player Name              G  A  P  +/- PIM S  H  SB GA TA FO     MP     PP MP  PK MP  
------------------------------------------------------------------------------------
Alex Grant               0  1  1   3  2   0  0  1  0  2  0/0    15:12   0:00   0:00 
Anton Stralman           1  1  2   2  0   1  2  1  2  3  0/0    20:40   1:05   1:07 
Brayden Irwin            0  0  0   0  0   0  0  0  0  0  0/0     0:00   0:00   0:00 
Brett Bellemore          0  1  1   2  0   2  2  2  1  3  0/0    20:40   1:05   1:07 
Dennis Wideman           0  1  1   1  0   0  0  3  0  6  0/0    24:07   2:04   1:38 
James Neal               2  3  5   3  0   3  1  0  2  0  0/0    15:04   1:59   0:00 
James Sheppard           1  0  1   2  0   1  2  0  1  1  0/0    15:37   0:00   0:00 
Keith Aucoin             0  0  0   0  0   0  0  1  0  0  2/3     9:14   0:00   0:00 
Martin St. Louis         2  1  3   3  0   3  0  2  3  0  2/6    22:45   1:59   2:25 
Matt Frattin             0  0  0   0  0   0  0  0  1  0  0/0    10:37   0:00   0:00 
Matthew Carle            1  2  3   1  0   2  0  2  1  1  0/0    24:07   2:04   1:38 
Mike Richards            0  0  0   3  0   0  0  1  0  0  4/14   16:20   1:59   2:22 
Patrick Kane             0  2  2   1  2   2  0  0  5  0  0/0    18:25   1:10   0:00 
Scott Ford               0  1  1   3  0   1  0  1  0  0  0/0    15:13   0:00   0:00 
Sean Bergenheim          0  0  0   1  2   1  1  0  0  0  0/1    19:11   1:10   0:23 
TJ Galiardi              1  0  1   2  0   3  1  1  0  0  5/7    15:57   0:00   0:20 
Tom Pyatt                0  1  1   2  2   1  0  0  1  0  0/0    15:36   0:00   0:00 
Tyler Bozak              1  0  1   1  0   2  2  1  0  1  6/11   18:26   1:10   0:00 

Players Stats for Coyotes

Player Name              G  A  P  +/- PIM S  H  SB GA TA FO     MP     PP MP  PK MP  
------------------------------------------------------------------------------------
Aaron Palushaj           0  0  0   0  0   1  3  0  3  0  0/0    11:37   0:00   0:00 
Dale Weise               0  0  0   0  0   0  0  0  0  0  0/0     0:00   0:00   0:00 
David Jones              0  0  0  -3  2   1  3  0  1  0  0/0    19:36   1:55   0:22 
Drayson Bowman           0  0  0  -1  0   2  1  0  2  0  0/0     9:32   0:00   0:00 
Eric Nystrom             1  0  1  -2  2   1  1  0  2  1  0/2    19:22   0:50   2:31 
Evan Oberg               0  0  0  -2  0   0  1  1  0  0  0/0    16:34   0:00   2:33 
Jaden Schwartz           0  2  2  -3  0   1  3  2  7  0  3/4    20:29   1:55   1:40 
Joakim Andersson         0  1  1  -2  0   3  1  0  2  0  6/9    15:58   0:00   0:00 
Markus Granlund          0  1  1  -1  2   1  3  0  0  0  5/12   19:34   0:50   0:51 
Matt Gilroy              0  0  0  -2  0   2  1  0  0  1  0/0    18:26   0:00   0:00 
Michael Kostka           0  1  1  -2  0   0  0  0  0  2  0/0    23:22   1:33   0:36 
Michal Jordan            0  0  0  -2  0   1  0  4  0  0  0/0    15:39   1:12   0:00 
Paul Byron               0  0  0   0  0   5  0  0  2  0  0/0    12:59   0:00   0:00 
Pierre-Marc Bouchard     1  1  2  -2  0   5  0  0  10 0  1/2    17:32   0:50   0:00 
Stephen Weiss            0  0  0  -3  0   0  5  0  0  0  8/13   20:37   1:55   0:54 
T.J. Brennan             0  0  0  -2  0   3  0  0  0  2  0/0    21:06   1:12   0:36 
Terry Broadhurst         0  0  0  -1  0   3  1  0  0  0  0/0     9:32   0:00   0:00 
Tom Gilbert              2  0  2  -2  0   5  3  3  1  2  0/0    24:53   1:33   2:33 

3 Stars

1 - James Neal (Ana)
2 - Martin St. Louis (Ana)
3 - Matthew Carle (Ana)

Power Play

Ducks - 2 on 3 Attempt(s) - 66.67%
Coyotes - 3 on 4 Attempt(s) - 75.00%

Penalty Kill

Ducks - 1 on 4 Attempt(s) - 25.00% - Score 0 goal in Penalty Kill
Coyotes - 1 on 3 Attempt(s) - 33.33% - Score 0 goal in Penalty Kill

Official

Referees : Unknown
Linesman : Unknown

Game Notes

Magnus Hellberg enters game at 19:14 of 2nd period
10:10 of 3rd period - Ducks goal is going for a video replay. After video review, Goal.

Finance

Level 1 -- Attendance: 4686 (78.10%) -- Ticket Income $431,112
Level 2 -- Attendance: 3620 (72.40%) -- Ticket Income $217,200
Level 3 -- Attendance: 1918 (95.90%) -- Ticket Income $61,376
Level 4 -- Attendance: 2902 (72.55%) -- Ticket Income $58,040
Luxury Box -- Attendance: 858 (85.80%) -- Ticket Income $158,730
Game was played at the Glendale Arena
Total Attendance: 13984 (77.69%)
Total Ticket Income: $926,458
Other Income: $453,964
Total Income: $1,380,422

Ducks

5 vs 5 Forward 
   Center                   Left Wing                Right Wing               Time % Phy DF OF 
 1 Mike Richards            Martin St. Louis         James Neal               35     1   2  2  
 2 Tyler Bozak              Sean Bergenheim          Patrick Kane             30     1   2  2  
 3 TJ Galiardi              James Sheppard           Tom Pyatt                22     1   2  2  
 4 Keith Aucoin             Matt Frattin             Martin St. Louis         13     1   2  2  

5 vs 5 Defense 
   Defense                  Defense                                           Time % Phy DF OF 
 1 Matthew Carle            Dennis Wideman                                    35     1   2  2  
 2 Anton Stralman           Brett Bellemore                                   30     1   2  2  
 3 Alex Grant               Scott Ford                                        22     1   2  2  
 4 Matthew Carle            Dennis Wideman                                    13     1   2  2  

PowerPlay Forward 
   Center                   Left Wing                Right Wing               Time % Phy DF OF 
 1 Mike Richards            Martin St. Louis         James Neal               60     1   2  2  
 2 Tyler Bozak              Sean Bergenheim          Patrick Kane             40     1   2  2  

PowerPlay Defense
   Defense                  Defense                                           Time % Phy DF OF 
 1 Matthew Carle            Dennis Wideman                                    60     1   2  2  
 2 Anton Stralman           Brett Bellemore                                   40     1   2  2  

Penalty Kill 4 Players Forward 
   Center                   Wing                     Time % Phy DF OF 
 1 Martin St. Louis         Mike Richards            60     1   2  2  
 2 James Neal               Tyler Bozak              40     1   2  2  

Penalty Kill 4 Players Defense
   Defense                  Defense                  Time % Phy DF OF 
 1 Matthew Carle            Dennis Wideman           60     1   2  2  
 2 Anton Stralman           Brett Bellemore          40     1   2  2  

Penalty Kill - 3 Players Forward 
   Forward                                           Time % Phy DF OF 
 1 Martin St. Louis                                  60     1   2  2  
 2 Mike Richards                                     40     1   2  2  

Penalty Kill - 3 Players Defense
   Defense                  Defense                  Time % Phy DF OF 
 1 Matthew Carle            Dennis Wideman           60     1   2  2  
 2 Anton Stralman           Brett Bellemore          40     1   2  2  

4 vs 4 Forward 
   Center                   Wing                     Time % Phy DF OF 
 1 Martin St. Louis         Mike Richards            60     1   2  2  
 2 James Neal               Tyler Bozak              40     1   2  2  

4 vs 4 Defense
   Defense                  Defense                  Time % Phy DF OF 
 1 Matthew Carle            Dennis Wideman           60     1   2  2  
 2 Anton Stralman           Brett Bellemore          40     1   2  2  

Last Minutes Offensive
   Center                   Left Wing                Right Wing               Defense                  Defense                  
   Mike Richards            Martin St. Louis         James Neal               Matthew Carle            Dennis Wideman           

Last Minutes Defensive
   Center                   Left Wing                Right Wing               Defense                  Defense                  
   Mike Richards            Martin St. Louis         James Neal               Matthew Carle            Dennis Wideman           

Goaltenders
Starting : Martin Brodeur           
Backup : Jonathan Bernier         

Extra Forwards
Normal : TJ Galiardi, James Sheppard, Tom Pyatt - PP : TJ Galiardi, James Sheppard - PK : Tom Pyatt
Extra Defensemen
Normal : Alex Grant, Scott Ford, Anton Stralman - PP : Alex Grant - PK : Scott Ford, Anton Stralman
Penalty Shots
Martin St. Louis, Mike Richards, James Neal, Tyler Bozak, Patrick Kane

Coyotes

5 vs 5 Forward 
   Center                   Left Wing                Right Wing               Time % Phy DF OF 
 1 Stephen Weiss            Jaden Schwartz           David Jones              35     1   2  2  
 2 Joakim Andersson         Eric Nystrom             Pierre-Marc Bouchard     30     1   2  2  
 3 Markus Granlund          Paul Byron               Aaron Palushaj           22     1   2  2  
 4 Markus Granlund          Terry Broadhurst         Drayson Bowman           13     1   2  2  

5 vs 5 Defense 
   Defense                  Defense                                           Time % Phy DF OF 
 1 Tom Gilbert              Michael Kostka                                    35     1   2  2  
 2 T.J. Brennan             Matt Gilroy                                       30     1   2  2  
 3 Evan Oberg               Michal Jordan                                     22     1   2  2  
 4 Tom Gilbert              Michael Kostka                                    13     1   2  2  

PowerPlay Forward 
   Center                   Left Wing                Right Wing               Time % Phy DF OF 
 1 Stephen Weiss            Jaden Schwartz           David Jones              60     1   2  2  
 2 Markus Granlund          Pierre-Marc Bouchard     Eric Nystrom             40     1   2  2  

PowerPlay Defense
   Defense                  Defense                                           Time % Phy DF OF 
 1 Tom Gilbert              Michael Kostka                                    60     1   2  2  
 2 T.J. Brennan             Michal Jordan                                     40     1   2  2  

Penalty Kill 4 Players Forward 
   Center                   Wing                     Time % Phy DF OF 
 1 Markus Granlund          Eric Nystrom             60     1   2  2  
 2 Stephen Weiss            Jaden Schwartz           40     1   2  2  

Penalty Kill 4 Players Defense
   Defense                  Defense                  Time % Phy DF OF 
 1 Evan Oberg               Tom Gilbert              60     1   2  2  
 2 T.J. Brennan             Michael Kostka           40     1   2  2  

Penalty Kill - 3 Players Forward 
   Forward                                           Time % Phy DF OF 
 1 Markus Granlund                                   60     1   2  2  
 2 Stephen Weiss                                     40     1   2  2  

Penalty Kill - 3 Players Defense
   Defense                  Defense                  Time % Phy DF OF 
 1 Evan Oberg               Tom Gilbert              60     1   2  2  
 2 Matt Gilroy              Michael Kostka           40     1   2  2  

4 vs 4 Forward 
   Center                   Wing                     Time % Phy DF OF 
 1 Dale Weise               Jaden Schwartz           60     1   2  2  
 2 Stephen Weiss            David Jones              40     1   2  2  

4 vs 4 Defense
   Defense                  Defense                  Time % Phy DF OF 
 1 Tom Gilbert              Michael Kostka           60     1   2  2  
 2 Evan Oberg               T.J. Brennan             40     1   2  2  

Last Minutes Offensive
   Center                   Left Wing                Right Wing               Defense                  Defense                  
   Stephen Weiss            Jaden Schwartz           Joakim Andersson         Tom Gilbert              Michael Kostka           

Last Minutes Defensive
   Center                   Left Wing                Right Wing               Defense                  Defense                  
   Joakim Andersson         Jaden Schwartz           Eric Nystrom             T.J. Brennan             Tom Gilbert              

Goaltenders
Starting : Mike McKenna             
Backup : Magnus Hellberg          

Extra Forwards
Normal : Pierre-Marc Bouchard, Stephen Weiss, Eric Nystrom - PP : Stephen Weiss, Eric Nystrom - PK : Jaden Schwartz
Extra Defensemen
Normal : Tom Gilbert, Michael Kostka, Evan Oberg - PP : Evan Oberg - PK : Tom Gilbert, Evan Oberg
Penalty Shots
Jaden Schwartz, David Jones, Eric Nystrom, Pierre-Marc Bouchard, Markus Granlund

% Time on Ice - Ducks

Lines # - Real PCT - Wanted PCT - Time Play
Normal Forward
1 - 22% - 35% - 11:59
2 - 32% - 30% - 17:16
3 - 29% - 22% - 15:37
4 - 17% - 13% - 9:14
Normal Defense
1 - 31% - 35% - 16:49
2 - 34% - 30% - 18:28
3 - 28% - 22% - 15:13
4 - 7% - 13% - 3:36
PP Forward
1 - 63% - 60% - 1:59
2 - 37% - 40% - 1:10
PP Defense
1 - 66% - 60% - 2:04
2 - 34% - 40% - 1:05
PK Forward
1 - 100% - 60% - 2:45
2 - 0% - 40% - 0:00
PK Defense
1 - 59% - 60% - 1:38
2 - 41% - 40% - 1:07
PK3 Forward
1 - 0% - 60%
2 - 0% - 40%
PK3 Defense
1 - 0% - 60%
2 - 0% - 40%
44 Forward
1 - 0% - 60%
2 - 0% - 40%
44 Defense
1 - 0% - 60%
2 - 0% - 40%
Last Minute Offensive  - 0:00
Last Minute Defensive  - 0:00
Total
Forward - 60:00
Defense - 60:00

% Time on Ice - Coyotes

Lines # - Real PCT - Wanted PCT - Time Play
Normal Forward
1 - 32% - 35% - 17:20
2 - 29% - 30% - 15:37
3 - 21% - 22% - 11:37
4 - 18% - 13% - 9:32
Normal Defense
1 - 32% - 35% - 17:03
2 - 36% - 30% - 19:18
3 - 26% - 22% - 14:01
4 - 7% - 13% - 3:44
PP Forward
1 - 70% - 60% - 1:55
2 - 30% - 40% - 0:50
PP Defense
1 - 56% - 60% - 1:33
2 - 44% - 40% - 1:12
PK Forward
1 - 100% - 60% - 3:09
2 - 0% - 40% - 0:00
PK Defense
1 - 81% - 60% - 2:33
2 - 19% - 40% - 0:36
PK3 Forward
1 - 0% - 60%
2 - 0% - 40%
PK3 Defense
1 - 0% - 60%
2 - 0% - 40%
44 Forward
1 - 0% - 60%
2 - 0% - 40%
44 Defense
1 - 0% - 60%
2 - 0% - 40%
Last Minute Offensive  - 0:00
Last Minute Defensive  - 0:00
Total
Forward - 60:00
Defense - 60:00

Play by Play

1st period


0:01 of 1st period - Martin St. Louis wins face-off versus Stephen Weiss in neutral zone.
0:35 of 1st period - Slapshot by Tom Gilbert.
0:35 of 1st period - Shot Misses the Net.
1:43 of 1st period - Snap shot by Paul Byron.
1:43 of 1st period - Stopped by Martin Brodeur without a rebound.
1:44 of 1st period - Markus Granlund wins face-off versus Keith Aucoin in Ducks zone.
2:16 of 1st period - Snap shot by Paul Byron.
2:16 of 1st period - Stopped by Martin Brodeur with a rebound.
2:38 of 1st period - Scott Ford is hit by David Jones and loses puck.
2:47 of 1st period - Snap shot by TJ Galiardi.
2:47 of 1st period - Shot Misses the Net.
3:00 of 1st period - Slapshot by Matthew Carle.
3:00 of 1st period - Shot Misses the Net.
3:02 of 1st period - Wrist shot by TJ Galiardi.
3:02 of 1st period - Shot Misses the Net.
3:04 of 1st period - Snap shot by Matthew Carle.
3:04 of 1st period - Shot Blocked by Michal Jordan.
3:06 of 1st period - Slapshot by Matthew Carle.
3:06 of 1st period - Stopped by Mike McKenna with a rebound.
3:08 of 1st period - Snap shot by James Sheppard.
3:08 of 1st period - Shot Misses the Net.
3:24 of 1st period - Wrist shot by Patrick Kane.
3:24 of 1st period - Stopped by Mike McKenna with a rebound.
3:26 of 1st period - Slapshot by Matthew Carle.
3:26 of 1st period - Shot Blocked by Evan Oberg.
3:28 of 1st period - Snap shot by Anton Stralman.
3:28 of 1st period - Goal by Anton Stralman - Ducks : 1 - Coyotes : 0.
3:29 of 1st period - Tyler Bozak wins face-off versus Markus Granlund in neutral zone.
3:52 of 1st period - Snap shot by Tyler Bozak.
3:52 of 1st period - Goal by Tyler Bozak - Ducks : 2 - Coyotes : 0.
3:53 of 1st period - Joakim Andersson wins face-off versus Mike Richards in neutral zone.
3:56 of 1st period - Slapshot by Michael Kostka.
3:56 of 1st period - Shot Misses the Net.
4:12 of 1st period - Wrist shot by Martin St. Louis.
4:12 of 1st period - Stopped by Mike McKenna with a rebound.
4:14 of 1st period - Wrist shot by Martin St. Louis.
4:14 of 1st period - Deflect By James Neal.
4:14 of 1st period - Shot Misses the Net.
4:14 of 1st period - Puck is out of play.
4:15 of 1st period - TJ Galiardi wins face-off versus Markus Granlund in Coyotes zone.
4:26 of 1st period - Snap shot by James Sheppard.
4:26 of 1st period - Shot Misses the Net.
4:34 of 1st period - Backhand shot by T.J. Brennan.
4:34 of 1st period - Stopped by Martin Brodeur without a rebound.
4:35 of 1st period - Markus Granlund wins face-off versus TJ Galiardi in Ducks zone.
4:38 of 1st period - Snap shot by T.J. Brennan.
4:38 of 1st period - Deflect By Anton Stralman.
4:38 of 1st period - Stopped by Martin Brodeur with a rebound.
4:40 of 1st period - Wrist shot by Matt Gilroy.
4:40 of 1st period - Deflect By Markus Granlund.
4:40 of 1st period - Stopped by Martin Brodeur with a rebound.
4:44 of 1st period - Wrist shot by Terry Broadhurst.
4:44 of 1st period - Stopped by Martin Brodeur with a rebound.
4:46 of 1st period - Snap shot by Terry Broadhurst.
4:46 of 1st period - Stopped by Martin Brodeur with a rebound.
4:48 of 1st period - Snap shot by T.J. Brennan.
4:48 of 1st period - Shot Blocked by Brett Bellemore.
4:50 of 1st period - Slapshot by Matt Gilroy.
4:50 of 1st period - Shot Misses the Net.
4:56 of 1st period - Wrist shot by Markus Granlund.
4:56 of 1st period - Shot Hit the Post.
4:58 of 1st period - Slapshot by Matt Gilroy.
4:58 of 1st period - Stopped by Martin Brodeur with a rebound.
5:00 of 1st period - Slapshot by T.J. Brennan.
5:00 of 1st period - Shot Misses the Net.
5:02 of 1st period - Slapshot by T.J. Brennan.
5:02 of 1st period - Deflect By Drayson Bowman.
5:02 of 1st period - Shot Misses the Net.
5:02 of 1st period - Puck is out of play.
5:03 of 1st period - Mike Richards wins face-off versus Joakim Andersson in Ducks zone.
5:12 of 1st period - Snap shot by James Neal.
5:12 of 1st period - Shot Misses the Net.
5:14 of 1st period - Slapshot by Scott Ford.
5:14 of 1st period - Stopped by Mike McKenna with a rebound.
5:16 of 1st period - Slapshot by Alex Grant.
5:16 of 1st period - Deflect By James Neal.
5:16 of 1st period - Goal by James Neal - Ducks : 3 - Coyotes : 0.
5:17 of 1st period - Pierre-Marc Bouchard wins face-off versus Mike Richards in neutral zone.
6:43 of 1st period - Minor Penalty to Sean Bergenheim for Roughing.
6:44 of 1st period - Stephen Weiss wins face-off versus Martin St. Louis in Ducks zone.
6:53 of 1st period - Snap shot by Jaden Schwartz.
6:53 of 1st period - Shot Misses the Net.
6:55 of 1st period - Slapshot by Tom Gilbert.
6:55 of 1st period - Shot Blocked by Brett Bellemore.
6:57 of 1st period - Snap shot by Tom Gilbert.
6:57 of 1st period - Shot Misses the Net.
7:15 of 1st period - Slapshot by Tom Gilbert.
7:15 of 1st period - Goal by Tom Gilbert - Ducks : 3 - Coyotes : 1.
7:16 of 1st period - Tyler Bozak wins face-off versus Joakim Andersson in neutral zone.
7:31 of 1st period - Icing by Joakim Andersson.
7:32 of 1st period - Tyler Bozak wins face-off versus Joakim Andersson in Coyotes zone.
8:19 of 1st period - Wrist shot by Jaden Schwartz.
8:19 of 1st period - Stopped by Martin Brodeur with a rebound.
8:21 of 1st period - Wrist shot by Stephen Weiss.
8:21 of 1st period - Shot Misses the Net.
9:07 of 1st period - Backhand shot by Aaron Palushaj.
9:07 of 1st period - Shot Misses the Net.
9:09 of 1st period - Snap shot by Paul Byron.
9:09 of 1st period - Shot Blocked by Martin St. Louis.
9:39 of 1st period - Snap shot by Markus Granlund.
9:39 of 1st period - Shot Misses the Net.
9:41 of 1st period - Slapshot by Drayson Bowman.
9:41 of 1st period - Stopped by Martin Brodeur with a rebound.
9:43 of 1st period - Snap shot by Terry Broadhurst.
9:43 of 1st period - Stopped by Martin Brodeur with a rebound.
9:45 of 1st period - Snap shot by Michal Jordan.
9:45 of 1st period - Shot Misses the Net.
10:06 of 1st period - Alex Grant is hit by Joakim Andersson and loses puck.
10:53 of 1st period - T.J. Brennan is hit by Anton Stralman.
12:13 of 1st period - Icing by Matthew Carle.
12:14 of 1st period - Joakim Andersson wins face-off versus TJ Galiardi in Ducks zone.
12:21 of 1st period - Snap shot by Pierre-Marc Bouchard.
12:21 of 1st period - Shot Blocked by Dennis Wideman.
12:23 of 1st period - Slapshot by Michal Jordan.
12:23 of 1st period - Stopped by Martin Brodeur with a rebound.
13:12 of 1st period - Michal Jordan is hit by Brett Bellemore and loses puck.
13:38 of 1st period - Snap shot by Paul Byron.
13:38 of 1st period - Shot Misses the Net.
14:00 of 1st period - Slapshot by Tom Gilbert.
14:00 of 1st period - Stopped by Martin Brodeur with a rebound.
14:30 of 1st period - Snap shot by Matt Gilroy.
14:30 of 1st period - Shot Blocked by Keith Aucoin.
14:50 of 1st period - Markus Granlund is hit by Anton Stralman.
15:16 of 1st period - Brett Bellemore is hit by Drayson Bowman and loses puck.
16:05 of 1st period - Wrist shot by T.J. Brennan.
16:05 of 1st period - Stopped by Martin Brodeur with a rebound.
17:19 of 1st period - James Sheppard is hit by Aaron Palushaj and loses puck.
17:28 of 1st period - Snap shot by Tom Pyatt.
17:28 of 1st period - Stopped by Mike McKenna with a rebound.
18:01 of 1st period - Off-side.
18:02 of 1st period - Stephen Weiss wins face-off versus Mike Richards in neutral zone.
18:13 of 1st period - Snap shot by Martin St. Louis.
18:13 of 1st period - Shot Blocked by Michal Jordan.
19:32 of 1st period - Tyler Bozak is hit by Markus Granlund and loses puck.
Goals for this period are 3 for Ducks vs 1 for Coyotes.
Shots for this period are 8 for Ducks vs 15 for Coyotes.

2nd period


0:01 of 2nd period - Stephen Weiss wins face-off versus Mike Richards in neutral zone.
0:46 of 2nd period - Backhand shot by Patrick Kane.
0:46 of 2nd period - Shot Misses the Net.
0:48 of 2nd period - Snap shot by Dennis Wideman.
0:48 of 2nd period - Deflect By Tyler Bozak.
0:48 of 2nd period - Shot Misses the Net.
0:48 of 2nd period - Puck is out of play.
0:49 of 2nd period - Tyler Bozak wins face-off versus Pierre-Marc Bouchard in Coyotes zone.
1:10 of 2nd period - Wrist shot by Pierre-Marc Bouchard.
1:10 of 2nd period - Shot Misses the Net.
1:12 of 2nd period - Wrist shot by Joakim Andersson.
1:12 of 2nd period - Stopped by Martin Brodeur with a rebound.
1:42 of 2nd period - Snap shot by Aaron Palushaj.
1:42 of 2nd period - Shot Misses the Net.
2:00 of 2nd period - Paul Byron is hit by James Sheppard and loses puck.
2:05 of 2nd period - Wrist shot by TJ Galiardi.
2:05 of 2nd period - Stopped by Mike McKenna with a rebound.
2:29 of 2nd period - Martin St. Louis is hit by Stephen Weiss and loses puck.
2:45 of 2nd period - Keith Aucoin is hit by Jaden Schwartz and loses puck.
3:34 of 2nd period - Wrist shot by Tyler Bozak.
3:34 of 2nd period - Stopped by Mike McKenna with a rebound.
3:56 of 2nd period - Slapshot by Pierre-Marc Bouchard.
3:56 of 2nd period - Stopped by Martin Brodeur with a rebound.
3:58 of 2nd period - Snap shot by Pierre-Marc Bouchard.
3:58 of 2nd period - Shot Blocked by Scott Ford.
4:00 of 2nd period - Snap shot by Joakim Andersson.
4:00 of 2nd period - Stopped by Martin Brodeur with a rebound.
4:19 of 2nd period - Wrist shot by Eric Nystrom.
4:19 of 2nd period - Shot Misses the Net.
4:21 of 2nd period - Wrist shot by Matt Gilroy.
4:21 of 2nd period - Shot Blocked by Alex Grant.
4:54 of 2nd period - TJ Galiardi is hit by Stephen Weiss and loses puck.
5:11 of 2nd period - Snap shot by James Sheppard.
5:11 of 2nd period - Shot Misses the Net.
5:13 of 2nd period - Wrist shot by Brett Bellemore.
5:13 of 2nd period - Shot Misses the Net.
5:15 of 2nd period - Slapshot by Anton Stralman.
5:15 of 2nd period - Deflect By James Sheppard.
5:15 of 2nd period - Shot Blocked by Tom Gilbert.
5:15 of 2nd period - Puck is out of play.
5:16 of 2nd period - Mike Richards wins face-off versus Markus Granlund in Coyotes zone.
5:28 of 2nd period - Minor Penalty to Markus Granlund for Cross-checking.
5:29 of 2nd period - Mike Richards wins face-off versus Jaden Schwartz in Coyotes zone.
5:43 of 2nd period - Slapshot by James Neal.
5:43 of 2nd period - Deflect By Martin St. Louis.
5:43 of 2nd period - Shot Misses the Net.
5:43 of 2nd period - Puck is out of play.
5:44 of 2nd period - Jaden Schwartz wins face-off versus Mike Richards in Coyotes zone.
5:48 of 2nd period - Off-side.
5:49 of 2nd period - Jaden Schwartz wins face-off versus Mike Richards in neutral zone.
6:19 of 2nd period - Slapshot by Tom Gilbert.
6:19 of 2nd period - Shot Blocked by Matthew Carle.
6:51 of 2nd period - Sean Bergenheim is hit by Stephen Weiss.
7:28 of 2nd period - Penalty to Markus Granlund is over, Markus Granlund is back on ice.
7:31 of 2nd period - T.J. Brennan is hit by Brett Bellemore and loses puck.
8:14 of 2nd period - Snap shot by TJ Galiardi.
8:14 of 2nd period - Shot Misses the Net.
8:20 of 2nd period - Tom Pyatt is hit by Aaron Palushaj and loses puck.
9:51 of 2nd period - Eric Nystrom is hit by James Neal and loses puck.
10:50 of 2nd period - Slapshot by Anton Stralman.
10:50 of 2nd period - Shot Misses the Net.
10:52 of 2nd period - Slapshot by Brett Bellemore.
10:52 of 2nd period - Stopped by Mike McKenna with a rebound.
11:04 of 2nd period - Anton Stralman is hit by Tom Gilbert and loses puck.
11:16 of 2nd period - Jaden Schwartz is hit by Tyler Bozak and loses puck.
11:29 of 2nd period - Snap shot by James Neal.
11:29 of 2nd period - Stopped by Mike McKenna with a rebound.
11:33 of 2nd period - Snap shot by Matt Frattin.
11:33 of 2nd period - Shot Misses the Net.
11:35 of 2nd period - Snap shot by James Neal.
11:35 of 2nd period - Shot Misses the Net.
11:55 of 2nd period - Michael Kostka is hit by James Sheppard and loses puck.
12:04 of 2nd period - TJ Galiardi is hit by Markus Granlund and loses puck.
12:27 of 2nd period - Matt Frattin is hit by Tom Gilbert and loses puck.
12:47 of 2nd period - Matthew Carle is hit by Aaron Palushaj and loses puck.
12:53 of 2nd period - Icing by Matthew Carle.
12:54 of 2nd period - Markus Granlund wins face-off versus Tyler Bozak in Ducks zone.
13:41 of 2nd period - T.J. Brennan is hit by TJ Galiardi and loses puck.
14:30 of 2nd period - Matthew Carle is hit by Evan Oberg and loses puck.
15:11 of 2nd period - Sean Bergenheim is hit by Eric Nystrom and loses puck.
16:25 of 2nd period - Wrist shot by Jaden Schwartz.
16:25 of 2nd period - Deflect By David Jones.
16:25 of 2nd period - Shot Misses the Net.
16:25 of 2nd period - Puck is out of play.
16:26 of 2nd period - Stephen Weiss wins face-off versus Tyler Bozak in Ducks zone.
17:18 of 2nd period - Slapshot by Paul Byron.
17:18 of 2nd period - Shot Blocked by Dennis Wideman.
17:54 of 2nd period - T.J. Brennan is hit by Tyler Bozak and loses puck.
18:58 of 2nd period - Minor Penalty to Eric Nystrom for Slashing.
18:59 of 2nd period - Martin St. Louis wins face-off versus Markus Granlund in Coyotes zone.
19:02 of 2nd period - Wrist shot by James Neal.
19:02 of 2nd period - Shot Misses the Net.
19:04 of 2nd period - Slapshot by Anton Stralman.
19:04 of 2nd period - Shot Blocked by Tom Gilbert.
19:06 of 2nd period - Backhand shot by Anton Stralman.
19:06 of 2nd period - Shot Blocked by Tom Gilbert.
19:08 of 2nd period - Slapshot by Brett Bellemore.
19:08 of 2nd period - Shot Misses the Net.
19:10 of 2nd period - Slapshot by Anton Stralman.
19:10 of 2nd period - Shot Misses the Net.
19:12 of 2nd period - Backhand shot by Brett Bellemore.
19:12 of 2nd period - Shot Misses the Net.
19:14 of 2nd period - Snap shot by James Neal.
19:14 of 2nd period - Goal by James Neal - Ducks : 4 - Coyotes : 1.
19:14 of 2nd period - Magnus Hellberg enters game.
19:15 of 2nd period - Tyler Bozak wins face-off versus Stephen Weiss in neutral zone.
19:33 of 2nd period - Minor Penalty to Patrick Kane for Hooking.
19:34 of 2nd period - Jaden Schwartz wins face-off versus Martin St. Louis in Ducks zone.
19:34 of 2nd period - Slapshot by Tom Gilbert.
19:34 of 2nd period - Shot Misses the Net.
19:36 of 2nd period - Snap shot by Tom Gilbert.
19:36 of 2nd period - Stopped by Martin Brodeur with a rebound.
19:38 of 2nd period - Snap shot by Tom Gilbert.
19:38 of 2nd period - Deflect By Matthew Carle.
19:38 of 2nd period - Stopped by Martin Brodeur with a rebound.
19:40 of 2nd period - Snap shot by Jaden Schwartz.
19:40 of 2nd period - Shot Blocked by Mike Richards.
19:42 of 2nd period - Snap shot by Tom Gilbert.
19:42 of 2nd period - Shot Blocked by Martin St. Louis.
19:44 of 2nd period - Slapshot by Tom Gilbert.
19:44 of 2nd period - Goal by Tom Gilbert - Ducks : 4 - Coyotes : 2.
19:45 of 2nd period - TJ Galiardi wins face-off versus Eric Nystrom in neutral zone.
19:52 of 2nd period - Snap shot by Tom Pyatt.
19:52 of 2nd period - Shot Misses the Net.
19:54 of 2nd period - Snap shot by James Sheppard.
19:54 of 2nd period - Goal by James Sheppard - Ducks : 5 - Coyotes : 2.
19:55 of 2nd period - Mike Richards wins face-off versus Stephen Weiss in neutral zone.
Goals for this period are 2 for Ducks vs 1 for Coyotes.
Shots for this period are 6 for Ducks vs 6 for Coyotes.

3rd period


0:01 of 3rd period - Stephen Weiss wins face-off versus Mike Richards in neutral zone.
0:10 of 3rd period - Matthew Carle is hit by David Jones and loses puck.
0:43 of 3rd period - Dennis Wideman is hit by Stephen Weiss and loses puck.
1:05 of 3rd period - Anton Stralman is hit by Tom Gilbert and loses puck.
1:51 of 3rd period - Wrist shot by Aaron Palushaj.
1:51 of 3rd period - Shot Misses the Net.
2:01 of 3rd period - Wrist shot by Aaron Palushaj.
2:01 of 3rd period - Deflect By Paul Byron.
2:01 of 3rd period - Shot Misses the Net.
2:01 of 3rd period - Puck is out of play.
2:02 of 3rd period - Keith Aucoin wins face-off versus Markus Granlund in Ducks zone.
2:29 of 3rd period - Snap shot by Drayson Bowman.
2:29 of 3rd period - Stopped by Martin Brodeur with a rebound.
3:03 of 3rd period - Wrist shot by TJ Galiardi.
3:03 of 3rd period - Goal by TJ Galiardi - Ducks : 6 - Coyotes : 2.
3:04 of 3rd period - Joakim Andersson wins face-off versus Sean Bergenheim in neutral zone.
3:09 of 3rd period - Snap shot by Pierre-Marc Bouchard.
3:09 of 3rd period - Goal by Pierre-Marc Bouchard - Ducks : 6 - Coyotes : 3.
3:10 of 3rd period - Stephen Weiss wins face-off versus Tyler Bozak in neutral zone.
3:37 of 3rd period - Wrist shot by Jaden Schwartz.
3:37 of 3rd period - Shot Misses the Net.
3:39 of 3rd period - Wrist shot by Stephen Weiss.
3:39 of 3rd period - Shot Blocked by Tyler Bozak.
3:41 of 3rd period - Slapshot by Tom Gilbert.
3:41 of 3rd period - Shot Blocked by Dennis Wideman.
3:45 of 3rd period - Slapshot by David Jones.
3:45 of 3rd period - Stopped by Martin Brodeur without a rebound.
3:46 of 3rd period - Joakim Andersson wins face-off versus Mike Richards in Ducks zone.
6:04 of 3rd period - Slapshot by Evan Oberg.
6:04 of 3rd period - Deflect By David Jones.
6:04 of 3rd period - Shot Misses the Net.
6:04 of 3rd period - Puck is out of play.
6:05 of 3rd period - Keith Aucoin wins face-off versus Stephen Weiss in Ducks zone.
6:22 of 3rd period - Wrist shot by Martin St. Louis.
6:22 of 3rd period - Shot Blocked by Michal Jordan.
6:28 of 3rd period - Brett Bellemore is hit by David Jones and loses puck.
6:55 of 3rd period - Snap shot by Pierre-Marc Bouchard.
6:55 of 3rd period - Shot Misses the Net.
6:57 of 3rd period - Slapshot by Matt Gilroy.
6:57 of 3rd period - Stopped by Martin Brodeur with a rebound.
6:59 of 3rd period - Backhand shot by Pierre-Marc Bouchard.
6:59 of 3rd period - Stopped by Martin Brodeur with a rebound.
7:08 of 3rd period - Slapshot by Eric Nystrom.
7:08 of 3rd period - Shot Misses the Net.
8:02 of 3rd period - Snap shot by David Jones.
8:02 of 3rd period - Shot Misses the Net.
8:04 of 3rd period - Wrist shot by Evan Oberg.
8:04 of 3rd period - Shot Blocked by TJ Galiardi.
9:16 of 3rd period - Minor Penalty to David Jones for Hooking.
9:17 of 3rd period - Tyler Bozak wins face-off versus Eric Nystrom in Coyotes zone.
10:06 of 3rd period - Slapshot by Martin St. Louis.
10:06 of 3rd period - Shot Misses the Net.
10:08 of 3rd period - Slapshot by Matthew Carle.
10:08 of 3rd period - Shot Misses the Net.
10:10 of 3rd period - Slapshot by Matthew Carle.
10:10 of 3rd period - Ducks goal is going for a video replay.
10:10 of 3rd period - The goal is good.
10:10 of 3rd period - Goal by Matthew Carle - Ducks : 7 - Coyotes : 3.
10:11 of 3rd period - Stephen Weiss wins face-off versus Mike Richards in neutral zone.
10:16 of 3rd period - Martin St. Louis is hit by Stephen Weiss and loses puck.
10:31 of 3rd period - Wrist shot by Martin St. Louis.
10:31 of 3rd period - Goal by Martin St. Louis - Ducks : 8 - Coyotes : 3.
10:32 of 3rd period - Stephen Weiss wins face-off versus Tyler Bozak in neutral zone.
10:43 of 3rd period - Snap shot by Jaden Schwartz.
10:43 of 3rd period - Shot Misses the Net.
11:25 of 3rd period - Snap shot by Joakim Andersson.
11:25 of 3rd period - Stopped by Martin Brodeur without a rebound.
11:26 of 3rd period - Joakim Andersson wins face-off versus Mike Richards in Ducks zone.
11:59 of 3rd period - Wrist shot by Martin St. Louis.
11:59 of 3rd period - Goal by Martin St. Louis - Ducks : 9 - Coyotes : 3.
12:00 of 3rd period - TJ Galiardi wins face-off versus Stephen Weiss in neutral zone.
12:33 of 3rd period - Minor Penalty to Tom Pyatt for Hooking.
12:34 of 3rd period - Markus Granlund wins face-off versus Martin St. Louis in Ducks zone.
13:32 of 3rd period - Matthew Carle is hit by Jaden Schwartz and loses puck.
13:45 of 3rd period - Martin St. Louis is hit by Jaden Schwartz and loses puck.
13:56 of 3rd period - Jaden Schwartz is hit by Sean Bergenheim and loses puck.
14:07 of 3rd period - Snap shot by Martin St. Louis.
14:07 of 3rd period - Shot Hit the Post.
14:09 of 3rd period - Wrist shot by Sean Bergenheim.
14:09 of 3rd period - Shot Blocked by Michal Jordan.
14:25 of 3rd period - Snap shot by Mike Richards.
14:25 of 3rd period - Shot Blocked by Jaden Schwartz.
14:27 of 3rd period - Slapshot by Mike Richards.
14:27 of 3rd period - Shot Misses the Net.
14:29 of 3rd period - Snap shot by TJ Galiardi.
14:29 of 3rd period - Stopped by Magnus Hellberg with a rebound.
14:33 of 3rd period - Penalty to Tom Pyatt is over, Tom Pyatt is back on ice.
14:44 of 3rd period - Snap shot by Patrick Kane.
14:44 of 3rd period - Stopped by Magnus Hellberg with a rebound.
14:46 of 3rd period - Slapshot by Brett Bellemore.
14:46 of 3rd period - Shot Blocked by Jaden Schwartz.
14:48 of 3rd period - Slapshot by Brett Bellemore.
14:48 of 3rd period - Stopped by Magnus Hellberg with a rebound.
14:58 of 3rd period - Snap shot by Sean Bergenheim.
14:58 of 3rd period - Stopped by Magnus Hellberg without a rebound.
14:59 of 3rd period - TJ Galiardi wins face-off versus Markus Granlund in Coyotes zone.
15:04 of 3rd period - Snap shot by Tom Pyatt.
15:04 of 3rd period - Shot Misses the Net.
15:12 of 3rd period - Tom Pyatt is hit by Markus Granlund and loses puck.
15:22 of 3rd period - Minor Penalty to Alex Grant for Holding Stick.
15:23 of 3rd period - Markus Granlund wins face-off versus Martin St. Louis in Ducks zone.
15:23 of 3rd period - Snap shot by Pierre-Marc Bouchard.
15:23 of 3rd period - Shot Blocked by Matthew Carle.
15:25 of 3rd period - Snap shot by Eric Nystrom.
15:25 of 3rd period - Goal by Eric Nystrom - Ducks : 9 - Coyotes : 4.
15:26 of 3rd period - Joakim Andersson wins face-off versus Tyler Bozak in neutral zone.
16:15 of 3rd period - Wrist shot by Aaron Palushaj.
16:15 of 3rd period - Stopped by Martin Brodeur without a rebound.
16:16 of 3rd period - TJ Galiardi wins face-off versus Markus Granlund in Ducks zone.
16:34 of 3rd period - Wrist shot by Paul Byron.
16:34 of 3rd period - Stopped by Martin Brodeur with a rebound.
16:50 of 3rd period - Snap shot by Paul Byron.
16:50 of 3rd period - Stopped by Martin Brodeur with a rebound.
16:52 of 3rd period - Slapshot by Paul Byron.
16:52 of 3rd period - Stopped by Martin Brodeur with a rebound.
16:54 of 3rd period - Wrist shot by Matt Gilroy.
16:54 of 3rd period - Shot Misses the Net.
17:15 of 3rd period - Mike Richards is hit by Matt Gilroy and loses puck.
18:22 of 3rd period - Tyler Bozak is hit by Terry Broadhurst.
19:54 of 3rd period - Snap shot by Pierre-Marc Bouchard.
19:54 of 3rd period - Stopped by Martin Brodeur with a rebound.
19:56 of 3rd period - Snap shot by Joakim Andersson.
19:56 of 3rd period - Shot Blocked by Anton Stralman.
19:58 of 3rd period - Slapshot by Pierre-Marc Bouchard.
19:58 of 3rd period - Stopped by Martin Brodeur with a rebound.
Goals for this period are 4 for Ducks vs 2 for Coyotes.
Shots for this period are 8 for Ducks vs 13 for Coyotes.


Output by the SimonT Hockey Simulator (STHS) for Eric Dolegowski -- Original Page W3C XHTML 1.0 Valid
Hockey Simulator - Hockey Simulation - Hockey Manager